 Dungeon Crawl Stone Soup version 0.27.0-1-g7a089689b8 (webtiles) character file.

Game seed: 11672837430675197520

1 bearlyready the Magician (level 1, -1/15 HPs)
             Began as a Djinni Venom Mage on Aug 8, 2021.
             Slain by a quokka (3 damage)
             ... on level 1 of the Dungeon.
             The game lasted 00:00:42 (57 turns).

bearlyready the Magician (Djinni Venom Mage)          Turns: 57, Time: 00:00:42

Health: -1/15      AC:  2    Str:  7    XL:     1   Next: 22%
Gold:   0          EV: 12    Int: 16    God:
                   SH:  0    Dex: 13

rFire    + + .     SeeInvis .   (no weapon)
rCold    x . .     Faith    .   (no shield)
rNeg     . . .     Spirit   .   a - +0 robe
rPois    ∞         Reflect  .   (no helmet)
rElec    .         Harm     .   (no cloak)
rCorr    .         Rampage  .   (no gloves)
Will     .....                  (boots unavailable)
Stlth    ++........             (no amulet)
HPRegen  0.05/turn              (no ring)
MPRegen  0.00/turn              (no ring)

@: flying
A: sickness immunity, fire resistance 2, cold vulnerability 1, float, innate
caster, hp casting, extra vitality 1
a: no special abilities


You were on level 1 of the Dungeon.
You visited 1 branch of the dungeon, and saw 1 of its levels.

Inventory:

Missiles
 b - 19 stones
Armour
 a - a +0 robe (worn)
Potions
 c - a potion of lignification {unknown}


   Skills:
 - Level 2.1 Dodging
 - Level 1.5 Stealth
 + Level 2.4 Spellcasting


You couldn't memorise any spells.
You knew the following spells:

 Your Spells              Type           Power      Damage    Failure   Level
a - Sting                 Tmut/Pois      36%        1d4       7%          1
b - Poisonous Vapours     Pois/Air       18%        N/A       11%         2
c - Mephitic Cloud        Conj/Pois/Air  9%         N/A       22%         3
d - Olgreb's Toxic Radia  Pois           9%         N/A       56%         4
Your spell library was empty.

Dungeon Overview and Level Annotations

Branches:
Dungeon (1/15)

Altars:

Shops:
D:1 [


Innate Abilities, Weirdness & Mutations

You are immune to sickness and miasma.
You are immune to poison.
Your flesh is very heat resistant. (rF++)
You are vulnerable to cold. (rC-)
You float through the air rather than walking.
You learn spells naturally, not from books.
Your magical power is your life essence.
You have superior vitality. (+4 HP)


Message History

You closely miss the quokka.
The quokka splashes around in the water.
You hit the quokka but do no damage.
The quokka bites you but does no damage.
You closely miss the quokka.
The quokka splashes around in the water.
The quokka barely misses you.
Aiming: Sting (safe; 7% risk of failure)
Press: ? - help, Q - select action, (/) - cycle Shift-Dir - straight line, f/p - quokka
Aim: a quokka (56% to hit)
The sting hits the quokka.
The quokka is poisoned.
The quokka is lightly wounded.
The quokka barely misses you.
You hit the quokka but do no damage.
The quokka is heavily wounded.
The quokka barely misses you.
You hit the quokka but do no damage.
The quokka is moderately wounded.
The quokka bites you.
* * * LOW HITPOINT WARNING * * *
You barely miss the quokka.
The quokka is moderately wounded.
The quokka splashes around in the water.
You completely miss the quokka.
The quokka is moderately wounded.
The quokka closely misses you. The quokka barely misses you.
Your magical contamination has completely faded away.
The quokka looks more healthy.
There is a staircase leading out of the dungeon here.
The quokka closely misses you.
Aiming: Sting (safe; 7% risk of failure)
Press: ? - help, Q - select action, (/) - cycle Shift-Dir - straight line, f/p - quokka
Aim: a quokka (moderately wounded, 56% to hit)
You miscast Sting.
You are very lightly contaminated with residual magic.
Nothing appears to happen.
* * * LOW HITPOINT WARNING * * *
Your magical contamination has completely faded away.
The quokka bites you.
You die...

....## .$...# ##....
#.... ... ....##.
######.#####..... .
#≈≈≈@♣≈♣≈≈≈#.... ..
#≈..Pr..P.≈#...# ..∩
#≈.PPP.PPP≈#$..#....
#≈..P...P.≈#........
#.#♣♣.......♣#........
#....[..<...≈........#
#.#♣♣.......♣#.(......
#≈..P...♣.≈#?.....##
#≈.PPP.♣♣♣≈#..#####


You could see a quokka.

Vanquished Creatures
  An endoplasm (D:1)
1 creature vanquished.

Notes
Turn   | Place    | Note
-------+----------+-------------------------------------------
     0 | D:1      | bearlyready the Djinni Venom Mage began the quest for the
                  | Orb.
     0 | D:1      | Reached XP level 1. HP: 15/15 MP: 0/0
    13 | D:1      | Found Rarumig's Armour Emporium.
    57 | D:1      | Slain by a quokka

Illustrated notes

Levels and vault maps discovered:
D:1:      ldierk_walled_garden, layout_rooms, serial_shops, shop,
          basic_ecumenical_altar, due_unseen_surprise

Action                   || total
-------------------------++-------
Melee: Unarmed           ||     9
 Cast: Sting             ||     6
Armor: Robe              ||     1
Dodge: Dodged            ||     8
